 Dungeon Crawl Stone Soup version 0.31-a0-43-g46d131a48f (webtiles) character file.

Game seed: 16059320510610191685

3136 senseless the Conjurer (level 9, -4/51 HPs)
             Began as an Octopode Conjurer on May 19, 2023.
             Was an Initiate of Dithmenos.
             Shot with an arrow by a centaur (12 damage)
             ... on level 8 of the Dungeon.
             The game lasted 00:24:45 (8616 turns).

senseless the Conjurer (Octopode Conjurer)          Turns: 8616, Time: 00:24:47

Health: -4/51      AC:  1    Str:  5    XL:     9   Next: 92%
Magic:  2/18       EV: 16    Int: 24    God:    Dithmenos [......]
Gold:   409        SH:  0    Dex: 14    Spells: 7/21 levels left

rFire   + . .        w - staff of conjuration
rCold   . . .        (no shield)
rNeg    . . .        (helmet restricted)
rPois   +            l - amulet of faith
rElec   .            i - ring of protection from fire
rCorr   .            n - ring of poison resistance
SInv    .            B - ring of willpower
Will    +....        (no ring)
Stlth   +++++        (no ring)
HPRegen 0.28/turn    (no ring)
MPRegen 0.16/turn    (no ring)
                     (no ring)

%: faith
@: no status effects
A: almost no armour, amphibious, 8 rings, camouflage 1, gelatinous body 1,
(nimble swimmer 1), tentacles, agile 1
a: Renounce Religion


You were on level 8 of the Dungeon.
You worshipped Dithmenos.
Dithmenos was noncommittal.
You visited 2 branches of the dungeon, and saw 9 of its levels.
You also visited: Sewer.

You collected 409 gold pieces.

Inventory:

Hand Weapons
 g - a +4 heavy dagger
 u - a +2 whip of freezing
Missiles
 h - a throwing net
 s - 3 datura-tipped darts
 t - 33 poisoned darts
Armour
 e - a +0 buckler
Magical Staves
 w - a staff of conjuration (weapon)
Jewellery
 i - a ring of protection from fire (left tentacle)
 l - an amulet of faith (around mantle)
 n - a ring of poison resistance (right tentacle)
 B - a ring of willpower (on tentacle)
Wands
 r - a wand of roots (15)
 v - a wand of charming (13)
Scrolls
 b - 3 scrolls of poison
 j - a scroll of amnesia
 p - 4 scrolls of teleportation
 x - a scroll of brand weapon
 y - a scroll of fog
 z - a scroll of enchant armour
 C - a scroll of enchant weapon
 E - a scroll of magic mapping
Potions
 a - 2 potions of magic
 c - a potion of ambrosia
 d - 2 potions of haste
 f - 2 potions of resistance
 k - 3 potions of might
 m - a potion of berserk rage {unknown}
 o - 5 potions of brilliance
 q - 4 potions of mutation
 A - 2 potions of curing
 D - a potion of attraction {unknown}


   Skills:
 * Level 7.1 Dodging
 + Level 7.6 Stealth
 * Level 6.5 Spellcasting
 * Level 7.9 Conjurations
 + Level 2.8 Hexes
 + Level 2.9 Translocations


You had 7 spell levels left.
You knew the following spells:

 Your Spells              Type           Power      Damage    Failure   Level
a - Magic Dart            Conj           100%       1d8       1%          1
b - Searing Ray           Conj           100%       2d8       1%          2
c - Dazzling Flash        Conj/Hex       100%       N/A       2%          3
d - Fulminant Prism       Conj/Hex       25%        3d13      9%          4
e - Iskenderun's Mystic   Conj/Tloc      50%        2d11      9%          4

Your spell library contained the following spells:

 Spells                   Type           Power      Damage    Failure   Level


Dungeon Overview and Level Annotations

Branches:
Dungeon (8/15)             Temple (1/1) D:5           Sewer (visited)
   Lair: D:8-11

Altars:
Ashenzari
Cheibriados
Dithmenos
Elyvilon
Fedhas
Gozag
Hepliaklqana
Kikubaaqudgha
Makhleb
Okawaru
Qazlal
Ru
Sif Muna
Trog
Uskayaw
Xom
Yredelemnul
Zin
The Shining One

Shops:
D:2 =


Innate Abilities, Weirdness & Mutations

You cannot wear most types of armour.
You are amphibious.
You can wear up to eight rings at the same time.
Your skin changes colour to match your surroundings (Stealth+).
Your rubbery body absorbs attacks. (AC +1, EV +1)
((You are camouflaged when in or above water. (Stealth+)))
You have tentacles for arms and can constrict up to eight enemies at once.
You are agile. (Dex +4, Str/Int -1)


Message History

You feel a surge of power!
The magic dart hits the gnoll sergeant but does no damage.
The gnoll sergeant is lightly wounded.
Your fulminant prism crackles loudly.
The gnoll sergeant hits you from afar with a +3 vampiric spear!
Your fulminant prism explodes!
The blast of energy engulfs the gnoll sergeant!
The gnoll sergeant is moderately wounded.
You hear a shout!
Something shouts, "Beg for mercy, thou unhinged dismal-dreaming pigeon-egg!"
You hear a shout!
There is an open door, spattered with blood here.
Casting: Magic Dart (safe; 1% risk of failure)
Confirm with . or Enter, or press ? or * to list all spells.
Aiming: Searing Ray (safe; 1% risk of failure)
Press: ? - help, Shift-Dir - straight line, f/p - gnoll sergeant
Aim: a gnoll sergeant, wielding a +3 vampiric spear, wearing a +0 ring mail and wearing a +0 kite shield (moderately wounded, 90% to hit)
You feel a surge of power!
The searing ray hits the gnoll sergeant.
The gnoll sergeant is severely wounded. (Press . to maintain the ray.)
The gnoll sergeant hits you from afar with a +3 vampiric spear!
The gnoll sergeant draws strength from your wounds!
The searing ray hits the gnoll sergeant.
The gnoll sergeant is heavily wounded.
The gnoll sergeant hits you from afar with a +3 vampiric spear!
* * * LOW HITPOINT WARNING * * *
The searing ray hits the gnoll sergeant.
The gnoll sergeant is heavily wounded.
The gnoll sergeant barely misses you.
The searing ray hits the gnoll sergeant.
The gnoll sergeant is heavily wounded.
You finish channelling your searing ray.
A centaur comes into view.
The gnoll sergeant hits you from afar with a +3 vampiric spear!
* * * LOW HITPOINT WARNING * * *
The gnoll sergeant draws strength from your wounds!
The centaur wields a +0 shortbow.
The centaur shoots an arrow.
The arrow hits you!
You die...

#.# #.#.
####.#######.#.
#............#.
######.##.........##
#............>......
#
#.####.####..###.##.
#.#. #.# ##########
#.##.
#....#.##.......
#.##. #)...@.g.....
#.##.
........##.......
#.##. .########
...#### ##### . ...#
.## ...# ..# ...#
#.# ...# #.# c..#
#.#


You could see a gnoll sergeant and a centaur.

Vanquished Creatures
  Pikel (D:6)
  Sigmund (D:6)
  2 steam dragons
  An ice beast (D:6)
  An orc warrior (D:7)
  2 sky beasts
  3 ogres
  4 lemures (D:5)
  A centaur (D:5)
  2 phantoms
  4 kobold brigands (Sewer)
  3 scorpions
  A bullfrog (D:4)
  4 wights (D:7)
  2 howler monkeys
  4 crimson imps (D:7)
  A gnoll bouda (D:4)
  2 hounds
  2 orc priests
  An iguana (D:7)
  2 orc wizards (D:7)
  3 gnolls (D:4)
  4 adders
  3 river rats (Sewer)
  2 white imps
  An ufetubus (D:5)
  3 worms (Sewer)
  4 dart slugs
  16 orcs
  5 ball pythons
  6 endoplasms
  2 giant cockroaches (D:1)
  5 goblins
  6 hobgoblins
  16 kobolds
  4 quokkas
  6 bats
  6 frilled lizards
  8 rats
144 creatures vanquished.

Vanquished Creatures (collateral kills)
  A jelly (D:6)
  An orc (D:6)
2 creatures vanquished.

Vanquished Creatures (others)
  2 fulminant prisms (D:8)
2 creatures vanquished.

Grand Total: 148 creatures vanquished

Notes
Turn   | Place    | Note
-------+----------+-------------------------------------------
     0 | D:1      | senseless the Octopode Conjurer began the quest for the
                  | Orb.
     0 | D:1      | Reached XP level 1. HP: 11/11 MP: 3/3
   227 | D:1      | Reached XP level 2. HP: 17/17 MP: 3/5
   614 | D:1      | Reached XP level 3. HP: 21/21 MP: 1/6
   893 | D:1      | Learned a level 2 spell: Searing Ray
   908 | D:2      | Found Pocruca's Jewellery Shop.
  1850 | D:3      | Reached XP level 4. HP: 19/27 MP: 2/8
  2587 | D:4      | Found a glowing drain.
  2604 | D:4      | Reached XP level 5. HP: 31/31 MP: 5/9
  2635 | Sewer    | Entered a sewer
  2765 | Sewer    | Noticed a kobold brigand
  2765 | Sewer    | Noticed a kobold brigand
  2769 | Sewer    | Killed a kobold brigand
  2780 | Sewer    | Killed a kobold brigand
  2781 | Sewer    | Reached skill level 5 in Conjurations
  2781 | Sewer    | Reached XP level 6. HP: 27/36 MP: 1/11
  3348 | Sewer    | Reached XP level 7. HP: 41/41 MP: 5/12
  3928 | D:4      | Reached skill level 5 in Stealth
  4302 | D:4      | Gained mutation: You are agile. (Dex +4, Str/Int -1)
                  | [potion of mutation]
  4302 | D:4      | Gained mutation: You are dopey. (Int -2) [potion of
                  | mutation]
  4302 | D:4      | Lost mutation: You are dopey. (Int -2) [potion of mutation]
  4452 | D:5      | Entered Level 5 of the Dungeon
  4673 | D:5      | Reached skill level 5 in Dodging
  4673 | D:5      | Reached XP level 8. HP: 46/46 MP: 7/15
  5139 | D:5      | Reached skill level 5 in Spellcasting
  5254 | D:5      | Learned a level 3 spell: Dazzling Flash
  5259 | D:5      | Learned a level 4 spell: Fulminant Prism
  5264 | D:5      | Learned a level 4 spell: Iskenderun's Mystic Blast
  5502 | D:5      | Found a staircase to the Ecumenical Temple.
  5527 | Temple   | Entered the Ecumenical Temple
  5697 | Temple   | Became a worshipper of Dithmenos the Shadowed
  5959 | D:6      | Noticed Pikel
  6274 | D:6      | Noticed Sigmund
  6286 | D:6      | Killed Sigmund
  6287 | D:6      | Reached skill level 1 in Hexes
  6287 | D:6      | Reached skill level 1 in Translocations
  6448 | D:6      | Killed Pikel
  6449 | D:6      | Reached XP level 9. HP: 20/51 MP: 9/17
  7080 | D:6      | HP: 1/51 [something (6)]
  7799 | D:7      | Found a shimmering blue altar of Sif Muna.
  7980 | D:7      | Found a shimmering altar of Xom.
  8616 | D:8      | Shot with an arrow by a centaur

Illustrated notes

Levels and vault maps discovered:
D:1:      minmay_arrival_loop, layout_basic, skrybe_limestone_x,
          minmay_pentomino_v2
D:2:      kennysheep_six_static_rooms, layout_loops_ring, serial_shops,
          nicolae_shop_tiny_waterfront
D:3:      layout_rooms
D:4:      layout_basic, cheibrodos_sewer_entry_sluice, nrook_campfire
D:5:      layout_loops_cross, lemuel_temple_firewalk_b, minmay_checkerbox
D:6:      layout_cave_pools, kennysheep_generic_room_14, uniq_sigmund,
          uniq_pikel
D:7:      layout_loops_cross, led_xom_imps, nicolae_sif_muna_condensation
D:8:      kennysheep_blocky_hall, layout_loops_ring, serial_shops, shop
Temple:   minmay_crystal_spiral_temple

Skill      XL: |  1  2  3  4  5  6  7  8  9 |
---------------+----------------------------+-----
Stealth        | 3 4 5 6 7 |  7.6
Dodging        | 3 4 5 6 7 |  7.1
Spellcasting   | 3 4 5 6 |  6.5
Conjurations   | 5 6 7 |  7.9
Hexes          | 1 2 |  2.8
Translocations | 1 2 |  2.9

Action                     |  1- 3 |  4- 6 |  7- 9 || total
---------------------------+-------+-------+-------++-------
  Melee: Unarmed           |     4 |       |       ||     4
         Constrict         |     5 |     8 |     9 ||    22
         Tentacles         |     5 |     8 |    14 ||    27
         Whip              |     2 |       |       ||     2
         Dagger            |    12 |    24 |    16 ||    52
         Staff             |       |       |    26 ||    26
         Punch             |       |       |     1 ||     1
   Cast: Magic Dart        |    67 |    77 |   139 ||   283
         Searing Ray       |       |     5 |    39 ||    44
         Fulminant Prism   |       |       |     2 ||     2
    Use: Scroll            |       |     8 |    12 ||    20
         Potion            |       |       |     3 ||     3
   Stab: Sleeping          |     1 |       |       ||     1
 Armour: Skin              |       |     3 |     5 ||     8
  Dodge: Dodged            |    11 |    12 |    83 ||   106

Table legend: (Time is in decaauts)
 A = Elapsed time spent in this place.
 B = Non-inter-level travel time spent in this place.
 C = Inter-level travel time spent in this place.
 D = Time resting spent in this place.
 E = Time spent auto-exploring this place.
 F = Levels seen in this place.
 G = Mean time per level.
                   A        B        C        D        E       F      G
               +--------+--------+--------+--------+--------+-----+--------+
         Total |   8612 |   8041 |    571 |    616 |   6408 |  10 |  861.2 |
       Dungeon |   7471 |   6984 |    487 |    536 |   5594 |   8 |  933.9 |
        Temple |    218 |    134 |     84 |      0 |    112 |   1 |  218.0 |
         Sewer |    922 |    922 |      0 |     80 |    702 |   1 |  922.0 |
               +--------+--------+--------+--------+--------+-----+--------+

Top non-repeatable levels by time:
     D:5: 1392 daAuts
     D:7: 1292 daAuts
     D:6: 1074 daAuts
     D:2: 968 daAuts
   Sewer: 922 daAuts
     D:1: 905 daAuts
     D:4: 892 daAuts
     D:3: 807 daAuts
  Temple: 218 daAuts
     D:8: 138 daAuts
